 Dungeon Crawl Stone Soup version 0.19.1 (webtiles) character file.

248 sugabear the Slasher (level 6, 0/32 HPs)
             Began as a Vine Stalker Gladiator on Nov 25, 2016.
             Slain by an ufetubus (2 damage)
             ... summoned by Eustachio
             ... on level 4 of the Dungeon.
             The game lasted 00:03:18 (2748 turns).

sugabear the Slasher (Vine Stalker Gladiator)       Turns: 2748, Time: 00:03:19

Health: 0/32       AC:  6    Str: 19    XL:     6   Next: 12%
Magic:  0/7        EV: 12    Int:  8    God:
Gold:   200        SH:  0    Dex: 15    Spells: 0 memorised, 5 levels left

rFire  . . .     SeeInvis .     z - +0 great sword
rCold  . . .     Gourm    .     v - +0 ring mail
rNeg   . . .     Faith    .     (shield currently unavailable)
rPois  .         Spirit   +     c - +0 helmet
rElec  .         Reflect  .     (no cloak)
rCorr  .         Harm     .     (no gloves)
MR     +....                    (no boots)
Stlth  +.........               u - amulet of magic regeneration
                                (no ring)
                                q - ring of protection from magic

@: no status effects
A: fangs 2, regeneration 1, magic shield, antimagic bite, no device heal 3, rot
immunity
a: no special abilities


You were on level 4 of the Dungeon.
You were not hungry.

You visited 1 branch of the dungeon, and saw 4 of its levels.

You collected 200 gold pieces.

Inventory:

Hand Weapons
 a - a +0 long sword
 z - a +0 great sword (weapon)
Missiles
 d - 3 throwing nets (quivered)
Armour
 b - a +0 leather armour
 c - a +0 helmet (worn)
 v - a +0 ring mail (worn)
Jewellery
 q - a ring of protection from magic (left hand)
 u - an amulet of magic regeneration (around neck)
Scrolls
 e - a scroll of recharging
 l - a scroll of amnesia {unknown}
 p - 3 scrolls of identify
 w - a scroll of remove curse
 x - a scroll of enchant weapon {unknown}
 y - a scroll of enchant armour {unknown}
Potions
 g - a potion of brilliance {unknown}
 i - a potion of ambrosia {unknown}
 k - a potion of haste {unknown}
 m - a potion of degeneration {unknown}
 o - 2 potions of curing {unknown}
 r - a potion of cancellation {unknown}
 t - a potion of might {unknown}
Books
 h - a book of Cantrips

   Spells                             Type                      Level
   a - Confusing Touch                Hexes                        1
   b - Animate Skeleton               Necromancy                   1
   c - Summon Small Mammal            Summoning                    1
   d - Apportation                    Translocation                1
Comestibles
 f - 4 bread rations
 j - a chunk of flesh
 n - a beef jerky
 s - a meat ration


   Skills:
 + Level 2.4 Fighting
 + Level 4.2 Long Blades
 + Level 1.8 Throwing
 + Level 2.2 Armour
 + Level 3.3 Dodging
 + Level 1.3 Stealth


You had 5 spell levels left.
You didn't know any spells.

Dungeon Overview and Level Annotations

Branches:
Dungeon (4/15)
 Temple: D:4-7

Altars:
Hepliaklqana
Ru
Zin

Shops:
D:4 ==

Annotations:
D:4 Eustachio


Innate Abilities, Weirdness & Mutations

You have extremely sharp teeth.
Your natural rate of healing is unusually fast.
When hurt, damage is shared between your health and your magic reserves.
Your bite disrupts and absorbs the magic of your enemies.
Potions and wands cannot restore your health.
You are immune to rotting.


Message History

The ufetubus misses you.
The ufetubus hits you but does no damage.
Eustachio barely misses you.
You riposte.
You miss Eustachio.
Eustachio is heavily wounded.
The ufetubus hits you but does no damage.
The ufetubus barely misses you.
Unknown command.
Unknown command.
You closely miss Eustachio. You bite Eustachio.
Eustachio's magic leaks into the air.
You drain his magic.
You feel invigorated.
Eustachio is severely wounded.
The crimson imp hits you but does no damage.
The ufetubus hits you. The ufetubus closely misses you.
Eustachio hits you with a rapier.
* * * LOW HITPOINT WARNING * * *
The crimson imp closely misses you. The ufetubus hits you.
* * * LOW HITPOINT WARNING * * *
The ufetubus hits you.
You die...

#############
##.....#.....#
##..........∩.∩
#..............
#.......5...∩.∩
#.....5@......(
#.......@......
#..............
#..............
####.............
#.........#.....#
(#######.....#######.###
.....#.......## .#
#..........#


You could see Eustachio, a crimson imp and an ufetubus.

Vanquished Creatures
  An orc priest (D:3)
  Natasha (thrice) (D:3)
  3 gnolls (D:3)
  3 adders
  2 oozes (D:2)
  An adder zombie (D:4)
  3 worms
  3 dart slugs (D:1)
  3 leopard geckos
  4 orcs (D:3)
  9 bats
  6 giant cockroaches
  4 goblins
  4 hobgoblins
  2 jackals (D:1)
  6 kobolds
  2 ball pythons
  4 frilled lizards
  3 rats
66 creatures vanquished.

Notes
Turn   | Place    | Note
-------+----------+-------------------------------------------
     0 | D:1      | sugabear the Vine Stalker Gladiator began the quest for the Orb.
     0 | D:1      | Reached XP level 1. HP: 11/11 MP: 2/2
   113 | D:1      | Reached XP level 2. HP: 13/15 MP: 3/3
   137 | D:1      | Reached skill level 3 in Long Blades
   421 | D:1      | Reached XP level 3. HP: 13/18 MP: 4/4
  1119 | D:2      | Gained mutation: Your natural rate of healing is unusually fast. [Vine Stalker growth]
  1119 | D:2      | Reached XP level 4. HP: 23/23 MP: 5/5
  1404 | D:2      | Found a hazy altar of Hepliaklqana.
  1573 | D:2      | Reached skill level 1 in Armour
  1800 | D:2      | Found a glowing silver altar of Zin.
  2205 | D:3      | Reached XP level 5. HP: 12/26 MP: 4/6
  2299 | D:3      | Noticed Natasha
  2302 | D:3      | Killed Natasha
  2302 | D:3      | Reached skill level 1 in Stealth
  2305 | D:3      | Found a glowing silver altar of Zin.
  2330 | D:3      | Noticed Natasha
  2339 | D:3      | Killed Natasha
  2384 | D:3      | Reached skill level 4 in Long Blades
  2436 | D:3      | Found a sacrificial altar of Ru.
  2591 | D:3      | Noticed Natasha
  2607 | D:3      | Killed Natasha
  2607 | D:3      | Reached XP level 6. HP: 26/32 MP: 7/7
  2690 | D:4      | Found Pofuskei's Jewellery Boutique.
  2729 | D:4      | Noticed Eustachio
  2731 | D:4      | Found Yntabb's Jewellery Shop.
  2748 | D:4      | Slain by an ufetubus

Skill      XL: |  1  2  3  4  5 |
---------------+----------------+-----
Long Blades    | 3 4 |  4.2
Fighting       | 2 |  2.4
Dodging        | 3 |  3.3
Armour         | 1 2 |  2.2
Stealth        | 1 |  1.3
Throwing       | |  1.8

Action                   |  1- 3 |  4- 6 || total
-------------------------+-------+-------++-------
Melee: Long sword        |    64 |   105 ||   169
       Bite              |    15 |    43 ||    58
       Great sword       |       |    15 ||    15
  Use: Scroll            |       |     3 ||     3
 Stab: Sleeping          |       |     1 ||     1
  Eat: Chunk             |       |     6 ||     6
Armor: Leather armour    |    13 |    11 ||    24
       Ring mail         |       |    38 ||    38
Dodge: Dodged            |    69 |   101 ||   170
       Rpst.: Long sword |    21 |    21 ||    42
       Great sword       |       |     8 ||     8
